 Dungeon Crawl Stone Soup version 0.25-a0-489-g9ae84a01e3 (webtiles) character file.

Game seed: 16265806422451891034, levelgen mode: deterministic

22431 ReteAZ the Spear-Bearer (level 13, 0/108 HPs)
             Began as a Merfolk Gladiator on Feb 11, 2020.
             Was an Elder of the Shining One.
             Slain by a death yak (9 damage)
             ... while petrified by you
             ... on level 4 of the Lair of Beasts.
             The game lasted 00:27:53 (15401 turns).

ReteAZ the Spear-Bearer (Merfolk Gladiator)        Turns: 15401, Time: 00:27:54

Health: 0/108      AC: 15    Str: 14    XL:     13   Next: 0%
Magic:  20/20      EV:  2    Int:  7    God:    the Shining One [****..]
Gold:   844        SH:  0    Dex: 19    Spells: 12/12 levels left

rFire    + + .     SeeInvis .   a - +1 trident
rCold    + . .     Gourm    .   F - +2 buckler {rC+ rF+}
rNeg     + + +     Faith    .   D - +2 leather armour {rF+}
rPois    ∞         Spirit   .   h - +0 helmet
rElec    .         Reflect  .   (no cloak)
rCorr    .         Harm     .   p - +0 pair of gloves
MR       .....                  (no boots)
Stlth    +.........             (no amulet)
HPRegen  0.28/turn              B - +3 ring of slaying
MPRegen  0.17/turn              e - +6 ring of protection

@: lethally poisoned (0 -> 0), divine shield, petrified, glowing
A: change form in water, swift swim, stealthy swim, molten scales 1, dopey 1
a: Divine Shield, Cleansing Flame, Renounce Religion


You were on level 4 of the Lair of Beasts.
You worshipped the Shining One.
The Shining One was greatly pleased with you.
You were hungry.

You visited 3 branches of the dungeon, and saw 15 of its levels.
You also visited: Bailey.

You collected 1000 gold pieces.
You spent 156 gold pieces at shops.

Inventory:

Hand Weapons
 a - a +1 trident (weapon)
Missiles
 d - a throwing net (quivered)
Armour
 b - a +0 leather armour
 c - a +0 helmet
 h - a +0 helmet (worn)
 p - a +0 pair of gloves (worn)
 r - a +0 plate armour
 u - a +0 pair of gloves
 D - a +2 leather armour of fire resistance (worn)
 F - a +2 buckler of resistance (worn)
 L - a +0 buckler
Jewellery
 e - a +6 ring of protection (right hand)
 y - an uncursed ring of protection from cold
 B - a +3 ring of slaying (left hand)
 J - an uncursed ring of magical power {unknown}
 M - a cursed +3 ring of strength
 N - an uncursed ring of protection from magic
 S - a +1 ring of evasion {unknown}
Wands
 l - a wand of acid (4)
 v - a wand of iceblast (4)
 H - a wand of digging (9)
 I - a wand of flame (6)
Scrolls
 j - 3 scrolls of enchant weapon
 k - 7 scrolls of remove curse
 m - 6 scrolls of teleportation
 q - 6 scrolls of magic mapping
 s - 3 scrolls of enchant armour
 A - 2 scrolls of amnesia
 C - a scroll of blinking
 G - 2 scrolls of random uselessness
 O - 2 scrolls of silence
 P - 2 scrolls of fog
 R - a scroll of noise {unknown}
 U - 4 scrolls of identify
Potions
 g - a potion of haste
 i - 4 potions of mutation
 n - a potion of resistance
 o - 14 potions of curing
 t - 5 potions of heal wounds
 w - 2 potions of ambrosia
 x - a potion of degeneration
 z - 2 potions of might
 E - 3 potions of lignification
 K - 2 potions of cancellation
 Q - a potion of agility {unknown}
 T - 2 potions of magic {unknown}
Comestibles
 f - 29 rations


   Skills:
 - Level 12.0 Fighting
 - Level 14.1 Polearms
 - Level 2.0 Throwing
 + Level 10.9 Dodging
 - Level 4.0 Shields
 * Level 8.8 Invocations
 - Level 10.0 Evocations


You had 12 spell levels left.
You didn't know any spells.
Your spell library contained the following spells:

 Spells                   Type           Power        Failure   Level  Hunger
 Corona                   Hex            #......      52%         1    ##.....
 Magic Dart               Conj           #...         52%         1    ##.....
 Blink                    Tloc           N/A          65%         2    ###....
 Call Imp                 Summ           #.......     65%         2    ###....
 Ensorcelled Hibernation  Hex/Ice        #.....       65%         2    ###....
 Poisonous Vapours        Pois/Air       #.....       65%         2    ###....
 Slow                     Hex            #.......     65%         2    ###....
 Confusing Touch          Hex            #.......     87%         3    ####...
 Conjure Flame            Conj/Fire      #.......     87%         3    ####...
 Dazzling Flash           Conj/Hex       #.....       87%         3    ####...
 Mephitic Cloud           Conj/Pois/Air  #.......     87%         3    ####...
 Tukima's Dance           Hex            #.......     87%         3    ####...
 Freezing Cloud           Conj/Ice/Air   #.........   100%        6    #######
 Ring of Flames           Chrm/Fire      #.........   100%        7    #######


Dungeon Overview and Level Annotations

Branches:
Dungeon (10/15)            Temple (1/1) D:7            Lair (4/6) D:8
 Shoals (0/4) Lair:3        Snake (0/4) Lair:4          Orc (0/2) D:9
 Bailey (visited)

Altars:
Ashenzari
Cheibriados
Dithmenos
Elyvilon
Fedhas
Gozag
Hepliaklqana
Kikubaaqudgha
Makhleb
Nemelex Xobeh
Okawaru
Qazlal
Ru
Sif Muna
Trog
Uskayaw
Vehumet
Wu Jian
Xom
Yredelemnul
Zin
The Shining One

Shops:
D:9 !*?[

Annotations:
Lair:4 Snorg


Innate Abilities, Weirdness & Mutations

You revert to your normal form in water.
You are very nimble and swift while swimming.
You are very stealthy in the water. (Stealth+)
You are partially covered in molten scales. (AC +2)
You are dopey. (Int -2)


Message History

The blast of calcifying dust hits you but does no damage.
You are engulfed in calcifying dust.
The death yak is no longer petrified.
The death yak gores you. The catoblepas gores you!
You are engulfed in calcifying dust.
The death yak gores you! The catoblepas gores you!
You are engulfed in calcifying dust.
The death yak gores you.
The catoblepas gores you but does no damage.
The death yak gores you!
* * * LOW HITPOINT WARNING * * *
The catoblepas gores you!
* * * LOW HITPOINT WARNING * * *
The death yak gores you!
* * * LOW HITPOINT WARNING * * *
The catoblepas gores you!
* * * LOW HITPOINT WARNING * * *
The death yak gores you!
* * * LOW HITPOINT WARNING * * *
The catoblepas gores you but does no damage.
The death yak gores you!!
You die...

.....###.#############÷≈.≈≈≈≈≈≈≈#
.).^## ### !.S.###.#..#P.#######
....# ##### ..#[.##............
P.÷.#####.#.####..%##..P.###..###
#.##.#........#.Y.# #.###.#####
####.#.........#†#..#.# ###
#.....####≈..##Y.#.# ##.#...##
##.YY#..#.# #......≈####..@##?#.#
##.#...........####.##
#...............# #.P#
##.#######.#.######..#
#.............###..##
#.................##
#..#.#.#.#...#.####
###############.# ##


You could see a death yak and a catoblepas.

Vanquished Creatures
  3 hydras
  2 two-headed ogres (D:10)
  A lindwurm (Lair:4)
  A cyclops (D:10)
  5 black mambas
  A rime drake (Lair:4)
  7 spiny frogs
  3 komodo dragons
  A troll (D:10)
  A polar bear (Lair:3)
  4 blink frogs (Lair:1)
  4 dream sheep (Lair:4)
  6 hippogriffs
  A human (D:8)
  A wraith (D:10)
  A hungry ghost (D:9)
  4 hogs
  8 yaks
  Edmund (D:6)
  3 nagas (Lair:4)
  2 wargs (D:8)
  5 water moccasins
  4 orc warriors
  4 porcupines
  5 ogres
  4 phantoms
  2 black bears
  4 ice beasts
  A sky beast (D:8)
  An eye of draining (D:10)
  A necrophage (D:8)
  6 wolves (Lair:4)
  4 centaurs
  4 crocodiles
  2 big kobolds
  9 bullfrogs
  A wyvern skeleton (D:10)
  5 scorpions
  13 wights
  10 killer bees (D:8)
  5 howler monkeys
  3 crimson imps
  A centaur zombie (D:8)
  5 orc priests
  6 hounds
  4 jellies
  2 bullfrog skeletons
  A centaur skeleton (D:9)
  5 iguanas
  Jessica (D:2)
  Ijyb (D:3)
  8 orc wizards
  9 worker ants
  2 hound skeletons
  3 worker ant zombies
  Robin (D:1)
  12 adders
  3 gnolls (D:6)
  A howler monkey skeleton (D:6)
  2 shadow imps
  2 oozes (D:3)
  An adder skeleton (D:8)
  2 worms
  2 dart slugs
  5 leopard geckos
  29 orcs
  9 giant cockroaches
  14 goblins
  16 hobgoblins
  13 jackals
  32 kobolds
  6 quokkas
  A ball python (D:3)
  7 bats
  4 frilled lizards
  A jackal skeleton (D:8)
  A quokka skeleton (D:9)
  8 rats
  A spectral orc (D:5)
374 creatures vanquished.

Vanquished Creatures (others)
  5 fungi (Lair:4)
  2 plants (D:8)
7 creatures vanquished.

Grand Total: 381 creatures vanquished

Notes
Turn   | Place    | Note
-------+----------+-------------------------------------------
     0 | D:1      | ReteAZ the Merfolk Gladiator began the quest for the Orb.
     0 | D:1      | Reached XP level 1. HP: 16/16 MP: 1/1
    82 | D:1      | Reached skill level 5 in Polearms
    85 | D:1      | Reached XP level 2. HP: 22/22 MP: 2/2
   303 | D:1      | Reached skill level 6 in Polearms
   303 | D:1      | Reached XP level 3. HP: 27/27 MP: 3/3
   744 | D:2      | Found a bloodstained altar of Trog.
   744 | D:2      | Noticed Robin
   780 | D:2      | Reached XP level 4. HP: 33/33 MP: 4/4
   781 | D:2      | Reached skill level 7 in Polearms
   803 | D:1      | Killed Robin
   883 | D:2      | Noticed Jessica
   890 | D:2      | Killed Jessica
   991 | D:2      | Reached skill level 8 in Polearms
  1149 | D:2      | Found an opulent altar of Gozag.
  1150 | D:2      | Reached XP level 5. HP: 38/38 MP: 5/5
  1766 | D:3      | Noticed a big kobold
  1868 | D:3      | Noticed Ijyb
  1887 | D:3      | Killed Ijyb
  1887 | D:3      | Reached skill level 9 in Polearms
  2109 | D:3      | Found a shimmering blue altar of Sif Muna.
  2109 | D:3      | Found a burning altar of Makhleb.
  2121 | D:3      | Gained mutation: You are dopey. (Int -2) [potion of
                  | mutation]
  2121 | D:3      | Gained mutation: You are partially covered in molten
                  | scales. (AC +2) [potion of mutation]
  2302 | D:3      | Killed a big kobold
  2302 | D:3      | Reached XP level 6. HP: 42/44 MP: 6/6
  2611 | D:4      | Reached skill level 10 in Polearms
  2638 | D:4      | Reached XP level 7. HP: 50/50 MP: 7/7
  2823 | D:4      | Reached skill level 11 in Polearms
  3235 | D:4      | Reached skill level 5 in Dodging
  3664 | D:4      | Reached skill level 12 in Polearms
  3881 | D:5      | Entered Level 5 of the Dungeon
  3942 | D:5      | Reached XP level 8. HP: 56/56 MP: 8/8
  4220 | D:5      | Found a basalt altar of Yredelemnul.
  4383 | D:5      | Found a shadowy altar of Dithmenos.
  4439 | D:6      | Reached skill level 1 in Shields
  4559 | D:6      | Reached skill level 13 in Polearms
  4677 | D:6      | Reached XP level 9. HP: 61/61 MP: 9/9
  4725 | D:6      | Noticed Edmund
  4743 | D:6      | Killed Edmund
  4805 | D:6      | Reached skill level 14 in Polearms
  5017 | D:7      | Reached skill level 1 in Evocations
  5055 | D:7      | Found a sparkling altar of Nemelex Xobeh.
  5056 | D:7      | Found an opulent altar of Gozag.
  5058 | D:7      | Found an ancient bone altar of Kikubaaqudgha.
  5060 | D:7      | Found a radiant altar of Vehumet.
  5061 | D:7      | Found an ornate altar of the Wu Jian Council.
  5105 | D:7      | Found a staircase to the Ecumenical Temple.
  5132 | Temple   | Entered the Ecumenical Temple
  5264 | Temple   | Became a worshipper of the Shining One
  6028 | D:8      | Reached skill level 5 in Fighting
  6313 | D:8      | Reached XP level 10. HP: 74/74 MP: 13/13
  6369 | D:8      | Reached * piety under the Shining One
  6376 | D:8      | Reached skill level 5 in Evocations
  6994 | D:8      | Found a staircase to the Lair.
  7201 | D:9      | Found Gitasyw's Distillery.
  7215 | D:9      | Bought a potion of heal wounds for 65 gold pieces
  7215 | D:9      | Bought a potion of curing for 39 gold pieces
  7215 | D:9      | Bought a potion of might for 52 gold pieces
  7223 | D:9      | Found Plog's Magic Scroll Shoppe.
  7402 | D:9      | Reached ** piety under the Shining One
  7448 | D:9      | Found Gurecadatt's Assorted Antiques.
  7714 | D:9      | Found Maja Werire's Armour Shop.
  7873 | D:9      | Found a staircase to the Orcish Mines.
  8046 | D:10     | Entered Level 10 of the Dungeon
  8049 | D:10     | Found a flagged portal.
  8056 | D:10     | Reached XP level 11. HP: 87/87 MP: 16/16
  8059 | D:10     | Reached *** piety under the Shining One
  8076 | Bailey   | Entered a bailey
  8081 | Bailey   | Noticed an orc warlord
  8173 | Bailey   | Found a runed translucent gate.
  8174 | Bailey   | Found a runed translucent gate.
  8176 | Bailey   | Found a runed translucent gate.
  8389 | D:10     | Noticed a two-headed ogre
  8424 | D:10     | Killed a two-headed ogre
  8657 | D:10     | Noticed a two-headed ogre
  8663 | D:10     | Killed a two-headed ogre
  8752 | D:10     | Reached skill level 10 in Fighting
  8825 | D:10     | Noticed a cyclops
  8848 | D:10     | Killed a cyclops
  9619 | Lair:1   | Entered Level 1 of the Lair of Beasts
 10799 | Lair:1   | Reached skill level 10 in Evocations
 11114 | Lair:1   | Reached skill level 1 in Invocations
 11114 | Lair:1   | Reached XP level 12. HP: 100/100 MP: 19/19
 11488 | Lair:2   | Noticed a five-headed hydra
 11497 | Lair:2   | Killed a five-headed hydra
 11936 | Lair:2   | Noticed a six-headed hydra
 11950 | Lair:2   | Killed a six-headed hydra
 13340 | Lair:3   | Reached skill level 5 in Invocations
 13597 | Lair:3   | Found a staircase to the Shoals.
 14142 | Lair:4   | Reached **** piety under the Shining One
 14342 | Lair:4   | Noticed Snorg
 14598 | Lair:4   | Reached skill level 10 in Dodging
 15284 | Lair:4   | Found a staircase to the Snake Pit.
 15358 | Lair:4   | Noticed an eight-headed hydra
 15358 | Lair:4   | Noticed a death yak
 15358 | Lair:4   | Noticed a catoblepas
 15371 | Lair:4   | Killed an eight-headed hydra
 15391 | Lair:4   | Reached XP level 13. HP: 58/108 MP: 20/20
 15401 | Lair:4   | Slain by a death yak

Levels and vault maps discovered:
D:1:      lordsloth_arrival_two_stooges, layout_loops_ring
D:2:      layout_loops_ring, overflow_temple_1_default, first_ration,
          grunt_gozag_statues, uniq_jessica, uniq_robin
D:3:      cheibrodos_thug_alley, layout_rooms, gammafunk_temple_overflow_statue,
          hex_large, uniq_ijyb
D:4:      minmay_inner_zag, layout_basic, serial_bayou_crossing
D:5:      layout_rooms, grunt_dithmenos_shadows,
          yredelemnul_forgotten_temple_becter
D:6:      layout_basic, uniq_edmund
D:7:      layout_basic, grunt_temple_overflow_open,
          minmay_temple_entry_large_hall
D:8:      layout_rooms, erik_lair_orcish_takeover, hex_tiny, grunt_livestock
D:9:      layout_basic, orc_0_dummy, serial_shops, shop, shop, shop, shop
D:10:     layout_long_grid, enter_bailey_2
Temple:   hc_temple_tempest_star
Lair:1:   layout_cave_pods, serial_bayou_shore_b
Lair:2:   layout_layer_cave
Lair:3:   layout_roguey, elwin_shoals_entry_rocks
Lair:4:   layout_misc_corridors, minmay_snake_entry_guardpost_medium,
          serial_rivers, chequers_serial_rivers_large_a,
          chequers_serial_rivers_small_a, chequers_serial_rivers_micro_d,
          chequers_serial_rivers_micro_d, hangedman_lair_generics_rect,
          infiniplex_staircase_pool_2, uniq_snorg

Skill      XL: |  1  2  3  4  5  6  7  8  9 10 11 12 |
---------------+-------------------------------------+-----
Polearms       | 5 6 8 9 10 12 13 14 | 14.1
Dodging        | 5 7 8 10 | 10.9
Shields        | 2 4 |  4.0
Evocations     | 4 7 10 | 10.0
Fighting       | 5 8 11 12 | 12.0
Invocations    | 1 8 |  8.8
Throwing       | |  2.0

Action                   |  1- 3 |  4- 6 |  7- 9 | 10-12 | 13-15 || total
-------------------------+-------+-------+-------+-------+-------++-------
Melee: Trident           |    85 |   234 |   396 |   872 |       ||  1587
       Tailslap          |       |       |       |     6 |       ||     6
Throw: Throwing net      |       |       |     1 |     5 |       ||     6
Invok: Divine Shield     |       |       |       |     2 |       ||     2
Evoke: Wand              |       |       |     1 |    15 |       ||    16
  Use: Scroll            |       |     5 |     3 |    15 |       ||    23
       Potion            |       |     1 |       |     3 |       ||     4
 Stab: Sleeping          |     3 |     3 |     6 |       |       ||    12
       Held in net/web   |       |       |     2 |       |       ||     2
  Eat: Chunk             |       |     6 |    11 |    29 |       ||    46
Armor: Leather armour    |    11 |    54 |    94 |   114 |     4 ||   277
Dodge: Dodged            |    49 |   134 |   178 |   384 |     1 ||   746
Block: Buckler           |       |       |    53 |   203 |       ||   256

Table legend:
 A = Non-vault XP
 B = Vault XP
 C = Vault XP percentage of total XP
 D = Non-vault monster count
 E = Vault monster count
 F = Vault count percentage of total count
                 A         B        C        D         E       F
            +---------+---------+-------+---------+---------+-------
      Total |   26860 |    5185 |  16.2 |     303 |      71 |  19.0
            +---------+---------+-------+---------+---------+-------
        D:1 |      50 |      15 |  23.1 |      28 |       1 |   3.4
        D:2 |      90 |      54 |  37.5 |      23 |      10 |  30.3
        D:3 |      73 |     147 |  66.8 |      20 |       9 |  31.0
        D:4 |     502 |     205 |  29.0 |      18 |       4 |  18.2
        D:5 |     321 |      13 |   3.9 |      11 |       2 |  15.4
        D:6 |    1159 |     171 |  12.9 |      21 |       1 |   4.5
        D:7 |     984 |       0 |   0.0 |      23 |       0 |   0.0
        D:8 |    2559 |    1176 |  31.5 |      36 |      10 |  21.7
        D:9 |    1848 |     389 |  17.4 |      38 |       2 |   5.0
       D:10 |    4788 |       0 |   0.0 |      33 |       0 |   0.0
     Lair:1 |    3820 |       0 |   0.0 |      14 |       0 |   0.0
     Lair:2 |    4233 |       0 |   0.0 |      12 |       0 |   0.0
     Lair:3 |    1042 |       0 |   0.0 |       5 |       0 |   0.0
     Lair:4 |    5391 |    2718 |  33.5 |      21 |       8 |  27.6
     Bailey |       0 |     297 | 100.0 |       0 |      24 | 100.0
            +---------+---------+-------+---------+---------+-------
